 Dungeon Crawl Stone Soup version 0.22.1-6-g1668fe2 (webtiles) character file.

99 Exodus3 the Covered (level 4, 0/40 HPs)
             Began as a Minotaur Fighter on Feb 1, 2019.
             Succumbed to an orc wizard's poison
             ... on level 3 of the Dungeon.
             The game lasted 00:08:31 (2028 turns).

Exodus3 the Covered (Minotaur Fighter)              Turns: 2028, Time: 00:08:31

Health: 0/40       AC:  7    Str: 21    XL:     4   Next: 45%
Magic:  3/3        EV:  8    Int:  5    God:
Gold:   87         SH:  9    Dex: 10    Spells: 3/3 levels left

rFire    . . .     SeeInvis .   a - +0 war axe
rCold    . . .     Gourm    .   c - +0 shield
rNeg     . . .     Faith    .   b - +0 scale mail
rPois    .         Spirit   .   (helmet restricted)
rElec    .         Reflect  .   (no cloak)
rCorr    .         Harm     .   (no gloves)
MR       .....                  (no boots)
Stlth    ..........             (no amulet)
HPRegen  0.13/turn              (no ring)
MPRegen  0.08/turn              (no ring)

@: lethally poisoned (0 -> -9)
A: retaliatory headbutt, horns 2
a: no special abilities


You were on level 3 of the Dungeon.
You were not hungry.

You visited 1 branch of the dungeon, and saw 3 of its levels.

You collected 87 gold pieces.

Inventory:

Hand Weapons
 a - a +0 war axe (weapon)
Missiles
 g - 42 poisoned needles
Armour
 b - a +0 scale mail (worn)
 c - a +0 shield (worn)
Scrolls
 e - 3 scrolls of identify {unknown}
 h - 2 scrolls of teleportation {unknown}
 j - a scroll of fear {unknown}
Potions
 d - a potion of might
 i - a potion of flight {unknown}
 k - a potion of lignification {unknown}
 l - a potion of curing {unknown}
 m - a potion of degeneration {unknown}
 o - 3 potions of agility {unknown}
 p - a potion of berserk rage {unknown}
Comestibles
 f - 6 rations


   Skills:
 + Level 4.2 Fighting
 + Level 3.4 Axes
 + Level 4.5 Armour
 + Level 0.8 Dodging
 + Level 4.5 Shields


You had 3 spell levels left.
You didn't know any spells.
Your spell library was empty.

Dungeon Overview and Level Annotations

Branches:
Dungeon (3/15)

Altars:
Qazlal
Uskayaw


Innate Abilities, Weirdness & Mutations

You reflexively headbutt those who attack you in melee.
You have a pair of horns on your head.


Message History

a dagger of venom; a robe; a tomahawk; an orc corpse
* * * LOW HITPOINT WARNING * * *
You feel sick.
You see here a tomahawk.
You hit the orc warrior but do no damage.
The orc warrior is moderately wounded.
* * * LOW HITPOINT WARNING * * *
You feel sick. You block the orc warrior's attack.
You hit the orc warrior.
The orc warrior is heavily wounded.
* * * LOW HITPOINT WARNING * * *
You feel sick. The orc warrior barely misses you. You furiously retaliate!
You headbutt the orc warrior, but do no damage.
You closely miss the orc warrior. You headbutt the orc warrior!
The orc warrior is almost dead.
* * * LOW HITPOINT WARNING * * *
You feel sick. You block the orc warrior's attack. x2
You hit the orc warrior but do no damage.
The orc warrior is almost dead.
You die...

... .. ...... #o #.##.#
#o ##.##.# # #. ...... #.
#.##.# #. #.##.#
######.###[##.###########
........@o.(.............
##########.##.###########
........##.# #######.##.#
#.##†# #.##.# #.##.#
#.##.# ######


You could see an orc warrior.

Vanquished Creatures
  An orc wizard (D:3)
  An adder (D:2)
  2 dart slugs
  2 leopard geckos
  3 orcs (D:3)
  7 bats
  3 giant cockroaches
  4 hobgoblins
  12 jackals
  A ball python (D:1)
  4 frilled lizards
  5 goblins
  6 kobolds
  2 rats (D:2)
53 creatures vanquished.

Notes
Turn   | Place    | Note
-------+----------+-------------------------------------------
     0 | D:1      | Exodus3 the Minotaur Fighter began the quest for the Orb.
     0 | D:1      | Reached XP level 1. HP: 19/19 MP: 0/0
   332 | D:1      | Reached XP level 2. HP: 26/27 MP: 1/1
   954 | D:2      | Found a hide-covered altar of Uskayaw.
   960 | D:2      | Reached XP level 3. HP: 33/33 MP: 2/2
  1043 | D:2      | Found a stormy altar of Qazlal.
  1995 | D:3      | Reached XP level 4. HP: 40/40 MP: 3/3
  2019 | D:3      | Noticed an orc warrior
  2026 | D:3      | HP: 2/40 [poisoned by an orc wizard]
  2028 | D:3      | Succumbed to an orc wizard's poison

Skill      XL: |  1  2  3 |
---------------+----------+-----
Shields        | 4 |  4.5
Armour         | 4 |  4.5
Fighting       | 4 |  4.2
Axes           | 3 |  3.4
Dodging        | |  0.8

Action                   |  1- 3 |  4- 6 || total
-------------------------+-------+-------++-------
Melee: War axe           |   111 |    11 ||   122
       Headbutt          |    13 |     2 ||    15
  Eat: Ration            |     1 |       ||     1
       Chunk             |     1 |       ||     1
Armor: Scale mail        |   103 |     3 ||   106
Dodge: Dodged            |    73 |     6 ||    79
Block: Shield            |    89 |     9 ||    98
